 Dungeon Crawl Stone Soup version 0.26.0-57-g60708a5e39 (webtiles) character file.

Game seed: 16962602673641790137

2520 Gadfly the Cudgeller (level 9, -1/88 HPs)
             Began as an Ogre Gladiator on Feb 2, 2021.
             Was a Priest of Okawaru.
             Killed by divine providence
             ... invoked by an orc priest
              (14 damage)
             ... on level 8 of the Dungeon.
             The game lasted 00:13:09 (10438 turns).

Gadfly the Cudgeller (Ogre Gladiator)              Turns: 10438, Time: 00:13:09

Health: -1/88      AC:  1    Str: 22    XL:     9   Next: 54%
Magic:  12/12      EV: 14    Int:  9    God:    Okawaru [***...]
Gold:   431        SH:  0    Dex: 11    Spells: 8/8 levels left

rFire    . . .     SeeInvis .   b - +4 quarterstaff (chaos)
rCold    . . .     Faith    .   (shield currently unavailable)
rNeg     . . .     Spirit   .   q - +0 animal skin
rPois    .         Reflect  .   c - +1 hat
rElec    .         Harm     .   x - +0 cloak
rCorr    .         Rampage  .   (gloves unavailable)
Will     +....                  (boots unavailable)
Stlth    +.........             (no amulet)
HPRegen  0.24/turn              k - +4 ring of evasion
MPRegen  0.13/turn              l - ring of willpower

@: corroded
A: large, unfitting armour, tough skin 1
a: Renounce Religion, Heroism


You were on level 8 of the Dungeon.
You worshipped Okawaru.
Okawaru was most pleased with you.
You visited 1 branch of the dungeon, and saw 8 of its levels.

You collected 431 gold pieces.

Inventory:

Hand Weapons
 a - a +4 flail
 b - a +4 quarterstaff of chaos (weapon)
 i - a +0 giant spiked club
Missiles
 d - 3 throwing nets
 s - 3 boomerangs (quivered)
Armour
 c - a +1 hat (worn)
 q - a +0 animal skin (worn)
 x - a +0 cloak (worn)
Jewellery
 g - an uncursed ring of protection from cold
 k - a +4 ring of evasion (left hand)
 l - a ring of willpower (right hand)
Wands
 h - a wand of random effects (21)
 n - a wand of iceblast (6)
 t - a wand of flame (49)
 w - a wand of paralysis (5)
Scrolls
 m - 9 scrolls of teleportation
 r - 4 scrolls of enchant weapon
Potions
 e - a potion of curing
 f - a potion of attraction
 j - 3 potions of haste
 o - a potion of cancellation
 p - a potion of ambrosia
 u - a potion of lignification
 v - 3 potions of flight


   Skills:
 + Level 5.4 Fighting
 * Level 5.7 Maces & Flails
 + Level 5.1 Throwing
 * Level 4.7 Armour
 - Level 2.6 Dodging
 + Level 5.0 Invocations
 * Level 4.7 Evocations


You had 8 spell levels left.
You didn't know any spells.
Your spell library was empty.

Dungeon Overview and Level Annotations

Branches:
Dungeon (8/15)             Temple (0/1) D:7
   Lair: D:8-11

Altars:
Ashenzari
Dithmenos
Gozag
Hepliaklqana
Makhleb
Okawaru
Trog
Uskayaw
Vehumet
Wu Jian
Yredelemnul
Zin

Shops:
D:4 =

Annotations:
D:3 3 runed translucent doors, thiole's ghost, amateur OpWz


Innate Abilities, Weirdness & Mutations

You are too large for most types of armour.
You have tough skin. (AC +1)


Message History

Okawaru accepts your kill.
You hit the orc priest.
The orc priest suddenly seems more agile.
The orc priest is moderately wounded.
The orc priest misses you.
You hit the orc priest but do no damage.
The orc priest is moderately wounded.
The orc priest hits you with a +0 flail!
* * * LOW HITPOINT WARNING * * *
You hit the orc priest.
The orc priest is heavily wounded.
An orc warrior comes into view. It is wielding a +0 long sword.
The orc priest calls down the wrath of Beogh upon you.
Beogh smites you!
* * * LOW HITPOINT WARNING * * *
You hit the orc priest. You freeze the orc priest.
The orc priest is severely wounded.
The orc priest calls down the wrath of Beogh upon you.
Beogh smites you!
You die...

#....#..... #.... #..#
#....##..## #.........###
...#...#....)..##
.........o.<#.......#
#...........##......##
.......####.#####....#
...##...## #@# ###...## #
...##....## ##o####......#
##........).###)o..........#
..................#..#...###
..>..........#...##.##...#####
.............##.###<.........#
..............#..............#
......>.......#..............#
...###.#......#............###


You could see an orc warrior, an orc priest (agile) and an orc wizard.

Vanquished Creatures
  Prince Ribbit (D:8)
  A steam dragon (D:7)
  An acid dragon (D:8)
  An orc warrior (D:7)
  5 ogres
  2 phantoms
  2 centaurs
  4 bullfrogs
  A scorpion (D:8)
  5 wights (D:7)
  A bullfrog zombie (D:5)
  2 hounds (D:7)
  A jelly (D:5)
  2 orc priests (D:7)
  Crazy Yiuf (D:7)
  Jessica (D:2)
  2 iguanas
  2 orc wizards
  6 worker ants
  A hound zombie (D:8)
  2 hound skeletons
  Robin (D:2)
  A worker ant zombie (D:4)
  8 adders
  3 white imps
  An ooze (D:2)
  An adder skeleton (D:4)
  4 worms
  7 dart slugs (D:4)
  3 leopard geckos
  18 orcs
  3 giant cockroaches
  11 goblins
  9 hobgoblins
  2 jackals (D:5)
  3 quokkas
  4 ball pythons
  8 bats
  4 frilled lizards
  2 jackal skeletons (D:4)
  A jackal zombie (D:4)
  4 kobolds
  A quokka skeleton (D:6)
  A quokka zombie (D:5)
  8 rats
152 creatures vanquished.

Vanquished Creatures (others)
  11 fungi
  11 plants (D:8)
22 creatures vanquished.

Grand Total: 174 creatures vanquished

Notes
Turn   | Place    | Note
-------+----------+-------------------------------------------
     0 | D:1      | Gadfly the Ogre Gladiator began the quest for the Orb.
     0 | D:1      | Reached XP level 1. HP: 22/22 MP: 1/1
   136 | D:1      | Reached XP level 2. HP: 28/29 MP: 2/2
   626 | D:1      | Reached skill level 1 in Invocations
   861 | D:2      | Reached XP level 3. HP: 17/36 MP: 3/3
   955 | D:2      | Noticed Jessica
   968 | D:2      | Killed Jessica
   969 | D:2      | Reached skill level 1 in Armour
   969 | D:2      | Reached skill level 1 in Evocations
  1198 | D:2      | Noticed Robin
  1209 | D:2      | Reached XP level 4. HP: 35/44 MP: 5/5
  1221 | D:2      | Killed Robin
  1566 | D:2      | Found a burning altar of Makhleb.
  2118 | D:2      | Found an opulent altar of Gozag.
  2118 | D:2      | You fall into a shaft and drop 1 floor!
  2145 | D:3      | Reached XP level 5. HP: 31/50 MP: 6/6
  2537 | D:3      | Found a bloodstained altar of Trog.
  2987 | D:3      | Found an iron altar of Okawaru.
  2990 | D:3      | Found an ornate altar of the Wu Jian Council.
  2990 | D:3      | Found a radiant altar of Vehumet.
  2993 | D:3      | Found a broken altar of Ashenzari.
  2996 | D:3      | Became a worshipper of Warmaster Okawaru
  3245 | D:3      | Found a runed translucent gate.
  3245 | D:3      | Found a runed translucent gate.
  3245 | D:3      | Found a runed translucent gate.
  3247 | D:3      | Noticed thiole's ghost (amateur OpWz)
  3714 | D:4      | Noticed an ogre
  3811 | D:3      | Killed an ogre
  3812 | D:3      | Reached XP level 6. HP: 51/59 MP: 6/8
  4233 | D:4      | Found Hureisum's Jewellery Shop.
  4454 | D:4      | Reached XP level 7. HP: 64/67 MP: 9/9
  4729 | D:5      | Entered Level 5 of the Dungeon
  4765 | D:5      | Reached * piety under Okawaru
  4770 | D:5      | HP: 2/67 [centaur (6)]
  5176 | D:5      | Found a shadowy altar of Dithmenos.
  5673 | D:5      | Reached XP level 8. HP: 52/78 MP: 10/10
  6576 | D:6      | Found a basalt altar of Yredelemnul.
  6733 | D:6      | You fall into a shaft and drop 2 floors!
  6738 | D:8      | Reached ** piety under Okawaru
  7104 | D:7      | Found a burning altar of Makhleb.
  7161 | D:7      | Found a hazy altar of Hepliaklqana.
  7953 | D:6      | Reached skill level 5 in Maces & Flails
  8125 | D:7      | Found a radiant altar of Vehumet.
  8217 | D:7      | Reached XP level 9. HP: 71/87 MP: 10/12
  8234 | D:7      | Reached skill level 5 in Fighting
  8384 | D:7      | Found a hide-covered altar of Uskayaw.
  8384 | D:7      | Found a glowing silver altar of Zin.
  8459 | D:7      | Reached *** piety under Okawaru
  9306 | D:7      | Found a staircase to the Ecumenical Temple.
  9529 | D:7      | Found a runed translucent door.
  9530 | D:7      | Noticed Crazy Yiuf
  9536 | D:7      | Killed Crazy Yiuf
  9651 | D:8      | Noticed Prince Ribbit
  9661 | D:8      | Killed Prince Ribbit
  9662 | D:8      | Reached skill level 5 in Throwing
 10430 | D:8      | Reached skill level 5 in Invocations
 10438 | D:8      | Killed from afar by an orc priest

Illustrated notes

Levels and vault maps discovered:
D:1:      lightli_arrival_isolated_outpost, layout_rooms
D:2:      layout_loops_ring, general_overflow_altar, bloody_makhleb, uniq_robin,
          uniq_jessica
D:3:      kennysheep_six_static_rooms, layout_loops_corners,
          grunt_temple_overflow_open, ebering_ghost_rock_garden
D:4:      kennysheep_slugbush, layout_gridville, serial_shops, shop_fountains
D:5:      layout_loops_cross, old_standard_altar, chequers_serial_rivers_room_b,
          grunt_ministairs_3
D:6:      layout_rooms, kennysheep_little_box
D:7:      layout_loops_ring, old_standard_altar, marbit_many_paths,
          gammafunk_temple_overflow_elements, temple_statues, basic_altar,
          amethyst_killhole, minivault_22, uniq_crazy_yiuf_cottage
D:8:      layout_cave_pools, grunt_lair_entry_orc_guard_hut, uniq_erica,
          uniq_prince_ribbit1

Skill      XL: |  1  2  3  4  5  6  7  8  9 |
---------------+----------------------------+-----
Invocations    | 1 2 3 4 5 |  5.0
Armour         | 1 2 3 4 |  4.7
Evocations     | 1 2 3 4 |  4.7
Maces & Flails | 3 4 5 |  5.7
Fighting       | 3 4 5 |  5.4
Throwing       | 3 4 5 |  5.1
Dodging        | |  2.6

Action                   |  1- 3 |  4- 6 |  7- 9 || total
-------------------------+-------+-------+-------++-------
Melee: Flail             |    76 |   160 |   329 ||   565
       Spear             |       |    23 |       ||    23
       Quarterstaff      |       |       |    54 ||    54
Throw: Stone             |    26 |     3 |       ||    29
       Boomerang         |       |    34 |    53 ||    87
Invok: Heroism           |       |       |     2 ||     2
Evoke: Wand              |       |     1 |     7 ||     8
  Use: Scroll            |     2 |     5 |     7 ||    14
       Potion            |       |     3 |     7 ||    10
 Stab: Invisible         |       |     2 |       ||     2
       Sleeping          |       |       |     2 ||     2
       Paralysed         |       |       |     2 ||     2
Armor: Robe              |    19 |    12 |       ||    31
       Animal skin       |       |    38 |    75 ||   113
Dodge: Dodged            |    44 |   154 |   261 ||   459
